Blue Jackets vs Avalanche
Created - 27 janvier 2014 at 19:05
Goals
|
| Blue Jackets |
0 |
0 |
1 |
1 |
| Avalanche |
0 |
0 |
3 |
3 |
|
Shots
|
| Blue Jackets |
10 |
6 |
12 |
28 |
| Avalanche |
5 |
10 |
20 |
35 |
|
1st period
No Goal
Penalties :
Andrew Ladd (Col) for High sticking (Minor) at 1:05, Jason Pominville (Col) for Interference (Minor) at 7:17, Marcus Nilson (Clb) for Hooking (Minor) at 16:54
2nd period
No Goal
Penalties :
Kevin Bieksa (Clb) for Cross-checking (Minor) at 0:38, Shane O'Brien (Col) for Interference (Minor) at 6:55, Pavel Bure (Clb) for Slashing (Minor) at 13:56, Mike Comrie (Col) for Roughing (Minor) at 18:09
3rd period
1. Avalanche , Andrew Ladd 7 (Maxim Talbot, Shane O'Brien) at 1:11
2. Avalanche , Jason Pominville 28 (Oleg Kvasha, Brian Campbell) at 2:20
3. Blue Jackets , Pavel Bure 20 (Jan Bulis, Ladislav Nagy) at 8:52
4. Avalanche , Daniel Cleary 6 (Rostislav Olesz, Bryan Little) at 11:27
Penalties :
Kevin Bieksa (Clb) for Holding (Minor) at 14:23, Oleg Kvasha (Col) for Hooking (Minor) at 18:47
Goalie Stats
Miika Kiprusoff (Clb), 32 saves from 35 shots - (0,914), L, 21-14-2, 60:00 minutes
Patrick Lalime (Col), 27 saves from 28 shots - (0,964), W, 11-6-1, 60:00 minutes
Players Stats for Blue Jackets
Player Name G A P +/- PIM S H SB GA TA FO MP PP MP PK MP
------------------------------------------------------------------------------------
A.J Thelen 0 0 0 0 0 0 2 0 0 0 0/0 12:04 0:00 2:33
Adam Deadmarsh 0 0 0 -2 0 0 2 0 0 0 0/0 10:01 0:14 0:42
Blake Wheeler 0 0 0 -1 0 4 1 0 0 0 2/2 19:02 4:02 0:00
Branislav Mezei 0 0 0 0 0 1 0 0 0 0 0/0 24:58 4:15 3:13
Cory Emmerton 0 0 0 0 0 0 1 0 0 0 0/2 7:24 0:00 0:00
Dave Steckel 0 0 0 -2 0 0 0 0 0 0 0/2 9:35 0:00 0:26
David Booth 0 0 0 1 0 0 2 1 0 0 0/0 19:26 4:28 4:09
Derek Morris 0 0 0 -2 0 1 2 1 0 2 0/0 21:07 4:24 3:01
Jan Bulis 0 1 1 1 0 3 3 0 0 0 5/15 19:14 4:36 3:48
Jason Ward 0 0 0 0 0 1 1 0 0 1 0/0 8:18 0:38 0:00
Kevin Bieksa 0 0 0 0 4 1 1 4 0 0 0/0 26:51 4:44 2:21
Ladislav Nagy 0 1 1 -2 0 3 1 0 0 2 1/2 11:09 1:02 0:17
Marc Savard 0 0 0 -1 0 3 3 2 0 0 19/30 22:37 3:54 3:42
Marcus Nilson 0 0 0 -1 2 4 2 0 0 1 1/1 19:07 4:02 0:00
Pavel Bure 1 0 1 1 2 6 2 1 0 0 0/0 18:36 4:28 2:48
Shaone Morrisonn 0 0 0 0 0 0 0 1 0 0 0/0 9:40 0:09 0:00
Tomas Kurka 0 0 0 0 0 0 0 1 0 0 0/0 7:24 0:00 0:00
Wade Redden 0 0 0 -2 0 1 1 1 0 1 0/0 25:27 4:44 4:44
Players Stats for Avalanche
Player Name G A P +/- PIM S H SB GA TA FO MP PP MP PK MP
------------------------------------------------------------------------------------
Andrew Ladd 1 0 1 0 2 1 2 0 0 0 0/0 11:38 0:00 2:35
Andy Delmore 0 0 0 0 0 0 0 1 0 0 0/0 18:35 3:13 0:55
Brian Campbell 0 1 1 2 0 1 1 0 0 0 0/0 18:24 4:43 0:00
Bryan Little 0 1 1 1 0 1 0 1 1 0 3/5 15:46 3:18 2:01
Chuck Kobasew 0 0 0 0 0 0 1 0 0 0 1/1 9:02 0:00 0:00
Corey Perry 0 0 0 0 0 2 1 0 0 0 1/1 13:39 3:18 0:00
Daniel Cleary 1 0 1 1 0 1 3 2 1 0 2/3 12:56 0:00 3:38
Dave Tanabe 0 0 0 2 0 2 1 0 2 0 0/0 21:37 4:43 3:42
Erik Cole 0 0 0 0 0 4 3 0 0 0 2/3 18:41 3:18 5:00
Jack Johnson 0 0 0 0 0 1 1 0 0 0 0/0 24:57 3:13 5:26
Jason Pominville 1 0 1 1 2 6 0 0 2 0 0/1 18:32 4:38 0:00
Marc Staal 0 0 0 0 0 2 0 1 0 0 0/0 20:44 0:00 5:26
Maxim Talbot 0 1 1 0 0 0 1 0 0 0 1/2 8:25 0:00 0:05
Mike Comrie 0 0 0 0 2 3 0 0 0 0 5/15 14:17 0:00 4:01
Oleg Kvasha 0 1 1 1 2 4 2 0 0 0 11/23 18:32 4:38 0:00
Rostislav Olesz 0 1 1 1 0 0 1 0 0 0 0/0 10:21 0:00 0:47
Ryan Smyth 0 0 0 1 0 7 2 1 1 0 0/0 18:42 4:38 0:09
Shane O'Brien 0 1 1 0 2 0 0 0 0 0 0/0 15:59 0:00 2:47
3 Stars
1 - Patrick Lalime (Col)
2 - Daniel Cleary (Col)
3 - Pavel Bure (Clb)
Power Play
Blue Jackets - 0 on 5 Attempt(s) - 0,00%
Avalanche - 0 on 4 Attempt(s) - 0,00%
Penalty Kill
Blue Jackets - 4 on 4 Attempt(s) - 100,00%
- Score 0 goal in Penalty Kill
Avalanche - 5 on 5 Attempt(s) - 100,00%
- Score 0 goal in Penalty Kill
Official
Referees : Walsh Ian and VanMassenhoven Don
Linesman : David Brisebois and Michel Cormier
Game Notes
8:52 of 3rd period - Blue Jackets goal is going for a video replay. After video review, Goal.
Finance
Level 1 -- Attendance: 5241 (87,35%) -- Ticket Income 440 244 $
Level 2 -- Attendance: 5000 (100,00%) -- Ticket Income 250 000 $
Level 3 -- Attendance: 1968 (98,40%) -- Ticket Income 55 104 $
Level 4 -- Attendance: 3636 (90,90%) -- Ticket Income 65 448 $
Luxury Box -- Attendance: 931 (93,10%) -- Ticket Income 155 477 $
Game was played at the Pepsi Center
Total Attendance: 16776 (93,20%)
Total Ticket Income: 966 273 $
Other Income: 144 941 $
Total Income: 1 111 214 $
Blue Jackets
5 vs 5 Forward
Center Left Wing Right Wing Time % Phy DF OF
1 Marc Savard Marcus Nilson Blake Wheeler 40 1 2 2
2 Jan Bulis David Booth Pavel Bure 30 1 2 2
3 Dave Steckel Ladislav Nagy Adam Deadmarsh 20 1 2 2
4 Cory Emmerton Tomas Kurka Jason Ward 10 1 2 2
5 vs 5 Defense
Defense Defense Time % Phy DF OF
1 Branislav Mezei Kevin Bieksa 40 1 2 2
2 Wade Redden Derek Morris 30 1 2 2
3 Shaone Morrisonn A.J Thelen 20 1 2 2
4 Wade Redden Kevin Bieksa 10 1 2 2
PowerPlay Forward
Center Left Wing Right Wing Time % Phy DF OF
1 Marc Savard David Booth Pavel Bure 50 1 2 2
2 Jan Bulis Marcus Nilson Blake Wheeler 50 1 2 2
PowerPlay Defense
Defense Defense Time % Phy DF OF
1 Wade Redden Kevin Bieksa 60 1 2 2
2 Branislav Mezei Derek Morris 40 1 2 2
Penalty Kill 4 Players Forward
Center Wing Time % Phy DF OF
1 Marc Savard Pavel Bure 50 1 2 2
2 Jan Bulis David Booth 50 1 2 2
Penalty Kill 4 Players Defense
Defense Defense Time % Phy DF OF
1 Wade Redden Kevin Bieksa 60 1 2 2
2 Branislav Mezei Derek Morris 40 1 2 2
Penalty Kill - 3 Players Forward
Forward Time % Phy DF OF
1 Jan Bulis 60 1 2 2
2 Marc Savard 40 1 2 2
Penalty Kill - 3 Players Defense
Defense Defense Time % Phy DF OF
1 Wade Redden Kevin Bieksa 60 1 2 2
2 Branislav Mezei Derek Morris 40 1 2 2
4 vs 4 Forward
Center Wing Time % Phy DF OF
1 Marc Savard Pavel Bure 50 1 2 2
2 Jan Bulis David Booth 50 1 2 2
4 vs 4 Defense
Defense Defense Time % Phy DF OF
1 Wade Redden Kevin Bieksa 60 1 2 2
2 Branislav Mezei Derek Morris 40 1 2 2
Last Minutes Offensive
Center Left Wing Right Wing Defense Defense
Marc Savard David Booth Pavel Bure Wade Redden Kevin Bieksa
Last Minutes Defensive
Center Left Wing Right Wing Defense Defense
Marc Savard David Booth Pavel Bure Wade Redden Kevin Bieksa
Goaltenders
Starting : Miika Kiprusoff
Backup : Jaroslav Halak
Extra Forwards
Normal : Ladislav Nagy, Jason Ward, Adam Deadmarsh - PP : Ladislav Nagy, Jason Ward - PK : Adam Deadmarsh
Extra Defensemen
Normal : Shaone Morrisonn, A.J Thelen, Branislav Mezei - PP : Shaone Morrisonn - PK : A.J Thelen, Branislav Mezei
Penalty Shots
Marc Savard, Pavel Bure, Jan Bulis, David Booth, Marcus Nilson
Avalanche
5 vs 5 Forward
Center Left Wing Right Wing Time % Phy DF OF
1 Oleg Kvasha Ryan Smyth Jason Pominville 40 1 2 2
2 Mike Comrie Erik Cole Corey Perry 30 1 2 2
3 Maxim Talbot Andrew Ladd Chuck Kobasew 15 1 2 2
4 Bryan Little Rostislav Olesz Daniel Cleary 15 1 2 2
5 vs 5 Defense
Defense Defense Time % Phy DF OF
1 Marc Staal Jack Johnson 35 1 2 2
2 Dave Tanabe Brian Campbell 35 1 2 2
3 Shane O'Brien Andy Delmore 30 1 2 2
4 Marc Staal Jack Johnson 0 1 2 2
PowerPlay Forward
Center Left Wing Right Wing Time % Phy DF OF
1 Oleg Kvasha Ryan Smyth Jason Pominville 60 1 2 2
2 Bryan Little Erik Cole Corey Perry 40 1 2 2
PowerPlay Defense
Defense Defense Time % Phy DF OF
1 Brian Campbell Dave Tanabe 60 1 2 2
2 Jack Johnson Andy Delmore 40 1 2 2
Penalty Kill 4 Players Forward
Center Wing Time % Phy DF OF
1 Mike Comrie Erik Cole 60 1 2 2
2 Daniel Cleary Andrew Ladd 40 1 2 2
Penalty Kill 4 Players Defense
Defense Defense Time % Phy DF OF
1 Marc Staal Jack Johnson 60 1 2 2
2 Dave Tanabe Shane O'Brien 40 1 2 2
Penalty Kill - 3 Players Forward
Forward Time % Phy DF OF
1 Mike Comrie 60 1 2 2
2 Oleg Kvasha 40 1 2 2
Penalty Kill - 3 Players Defense
Defense Defense Time % Phy DF OF
1 Marc Staal Jack Johnson 60 1 2 2
2 Dave Tanabe Brian Campbell 40 1 2 2
4 vs 4 Forward
Center Wing Time % Phy DF OF
1 Oleg Kvasha Jason Pominville 60 1 2 2
2 Mike Comrie Ryan Smyth 40 1 2 2
4 vs 4 Defense
Defense Defense Time % Phy DF OF
1 Marc Staal Jack Johnson 60 1 2 2
2 Dave Tanabe Brian Campbell 40 1 2 2
Last Minutes Offensive
Center Left Wing Right Wing Defense Defense
Oleg Kvasha Ryan Smyth Corey Perry Brian Campbell Dave Tanabe
Last Minutes Defensive
Center Left Wing Right Wing Defense Defense
Mike Comrie Ryan Smyth Daniel Cleary Marc Staal Jack Johnson
Goaltenders
Starting : Patrick Lalime
Backup : Marty Turco
Extra Forwards
Normal : Rostislav Olesz, Chuck Kobasew, Bryan Little - PP : Rostislav Olesz, Chuck Kobasew - PK : Daniel Cleary
Extra Defensemen
Normal : Shane O'Brien, Jack Johnson, Dave Tanabe - PP : Shane O'Brien - PK : Jack Johnson, Dave Tanabe
Penalty Shots
Ryan Smyth, Daniel Cleary, Corey Perry, Mike Comrie, Erik Cole
% Time on Ice - Blue Jackets
Lines # - Real PCT - Wanted PCT - Time Play
Normal Forward
1 - 37% - 40% - 15:43
2 - 26% - 30% - 11:00
3 - 21% - 20% - 8:49
4 - 17% - 10% - 7:24
Normal Defense
1 - 41% - 40% - 17:33
2 - 32% - 30% - 13:42
3 - 21% - 20% - 9:11
4 - 6% - 10% - 2:30
PP Forward
1 - 50% - 50% - 4:32
2 - 50% - 50% - 4:36
PP Defense
1 - 52% - 60% - 4:44
2 - 48% - 40% - 4:24
PK Forward
1 - 52% - 50% - 4:08
2 - 48% - 50% - 3:48
PK Defense
1 - 62% - 60% - 4:55
2 - 38% - 40% - 3:01
PK3 Forward
1 - 0% - 60%
2 - 0% - 40%
PK3 Defense
1 - 0% - 60%
2 - 0% - 40%
44 Forward
1 - 0% - 50%
2 - 0% - 50%
44 Defense
1 - 0% - 60%
2 - 0% - 40%
Last Minute Offensive - 0:00
Last Minute Defensive - 0:00
Total
Forward - 60:00
Defense - 60:00
|
% Time on Ice - Avalanche
Lines # - Real PCT - Wanted PCT - Time Play
Normal Forward
1 - 33% - 40% - 14:20
2 - 26% - 30% - 11:18
3 - 19% - 15% - 8:20
4 - 21% - 15% - 8:58
Normal Defense
1 - 36% - 35% - 15:18
2 - 36% - 35% - 15:23
3 - 29% - 30% - 12:15
4 - 0% - 0% - 0:00
PP Forward
1 - 58% - 60% - 4:38
2 - 42% - 40% - 3:18
PP Defense
1 - 59% - 60% - 4:43
2 - 41% - 40% - 3:13
PK Forward
1 - 78% - 60% - 7:06
2 - 22% - 40% - 2:02
PK Defense
1 - 59% - 60% - 5:26
2 - 41% - 40% - 3:42
PK3 Forward
1 - 0% - 60%
2 - 0% - 40%
PK3 Defense
1 - 0% - 60%
2 - 0% - 40%
44 Forward
1 - 0% - 60%
2 - 0% - 40%
44 Defense
1 - 0% - 60%
2 - 0% - 40%
Last Minute Offensive - 0:00
Last Minute Defensive - 0:00
Total
Forward - 60:00
Defense - 60:00
|
Play by Play
1st period
0:01 of 1st period - Marc Savard wins face-off versus Oleg Kvasha in neutral zone.
0:05 of 1st period - Off-side.
0:06 of 1st period - Marc Savard wins face-off versus Oleg Kvasha in neutral zone.
0:20 of 1st period - Icing by Marcus Nilson.
0:21 of 1st period - Marc Savard wins face-off versus Mike Comrie in Blue Jackets zone.
0:56 of 1st period - Backhand shot by Bryan Little.
0:56 of 1st period - Shot Misses the Net.
1:05 of 1st period - Minor Penalty to Andrew Ladd for High sticking.
1:06 of 1st period - Marc Savard wins face-off versus Mike Comrie in Avalanche zone.
1:12 of 1st period - Slapshot by Marc Savard.
1:12 of 1st period - Shot Misses the Net.
1:14 of 1st period - Slapshot by Kevin Bieksa.
1:14 of 1st period - Deflect By Pavel Bure.
1:14 of 1st period - Shot Blocked by Marc Staal.
1:14 of 1st period - Puck is out of play.
1:15 of 1st period - Erik Cole wins face-off versus Marc Savard in Avalanche zone.
2:16 of 1st period - Branislav Mezei is hit by Daniel Cleary and loses puck.
3:05 of 1st period - Penalty to Andrew Ladd is over, Andrew Ladd is back on ice.
3:39 of 1st period - Wrist shot by Ladislav Nagy.
3:39 of 1st period - Stopped by Patrick Lalime with a rebound.
4:01 of 1st period - David Booth is hit by Maxim Talbot and loses puck.
4:14 of 1st period - Shaone Morrisonn is hit by Rostislav Olesz and loses puck.
4:27 of 1st period - Jason Pominville is hit by A.J Thelen and loses puck.
4:48 of 1st period - Tomas Kurka is hit by Brian Campbell and loses puck.
4:59 of 1st period - A.J Thelen is hit by Daniel Cleary and loses puck.
5:06 of 1st period - Snap shot by Rostislav Olesz.
5:06 of 1st period - Shot Blocked by Tomas Kurka.
5:13 of 1st period - Icing by Shaone Morrisonn.
5:14 of 1st period - Jan Bulis wins face-off versus Maxim Talbot in Blue Jackets zone.
5:21 of 1st period - Slapshot by Jan Bulis.
5:21 of 1st period - Stopped by Patrick Lalime with a rebound.
5:23 of 1st period - Wrist shot by Pavel Bure.
5:23 of 1st period - Stopped by Patrick Lalime with a rebound.
5:29 of 1st period - Slapshot by Jan Bulis.
5:29 of 1st period - Stopped by Patrick Lalime with a rebound.
6:11 of 1st period - Snap shot by Erik Cole.
6:11 of 1st period - Stopped by Miika Kiprusoff with a rebound.
6:25 of 1st period - Snap shot by Bryan Little.
6:25 of 1st period - Shot Blocked by Kevin Bieksa.
6:51 of 1st period - Wrist shot by Andrew Ladd.
6:51 of 1st period - Shot Misses the Net.
7:17 of 1st period - Minor Penalty to Jason Pominville for Interference.
7:18 of 1st period - Mike Comrie wins face-off versus Jan Bulis in Avalanche zone.
7:29 of 1st period - Snap shot by Mike Comrie.
7:29 of 1st period - Stopped by Miika Kiprusoff without a rebound.
7:30 of 1st period - Marc Savard wins face-off versus Mike Comrie in Blue Jackets zone.
8:05 of 1st period - Erik Cole is hit by Blake Wheeler and loses puck.
8:50 of 1st period - Shane O'Brien is hit by Marcus Nilson and loses puck.
9:17 of 1st period - Penalty to Jason Pominville is over, Jason Pominville is back on ice.
9:24 of 1st period - Jack Johnson is hit by Adam Deadmarsh and loses puck.
9:33 of 1st period - Slapshot by Ladislav Nagy.
9:33 of 1st period - Shot Misses the Net.
9:58 of 1st period - Off-side.
9:59 of 1st period - Bryan Little wins face-off versus Ladislav Nagy in neutral zone.
10:26 of 1st period - Oleg Kvasha is hit by Pavel Bure and loses puck.
10:45 of 1st period - Wrist shot by Corey Perry.
10:45 of 1st period - Shot Blocked by Derek Morris.
10:47 of 1st period - Wrist shot by Erik Cole.
10:47 of 1st period - Shot Blocked by Marc Savard.
11:16 of 1st period - Off-side.
11:17 of 1st period - Oleg Kvasha wins face-off versus Jan Bulis in neutral zone.
11:39 of 1st period - Kevin Bieksa is hit by Ryan Smyth and loses puck.
11:58 of 1st period - Wrist shot by Jason Pominville.
11:58 of 1st period - Shot Misses the Net.
12:12 of 1st period - Slapshot by Pavel Bure.
12:12 of 1st period - Shot Blocked by Ryan Smyth.
12:14 of 1st period - Snap shot by Jan Bulis.
12:14 of 1st period - Stopped by Patrick Lalime with a rebound.
12:16 of 1st period - Snap shot by Pavel Bure.
12:16 of 1st period - Shot Blocked by Andy Delmore.
12:18 of 1st period - Wrist shot by Pavel Bure.
12:18 of 1st period - Stopped by Patrick Lalime without a rebound.
12:19 of 1st period - Marc Savard wins face-off versus Mike Comrie in Avalanche zone.
12:30 of 1st period - Wrist shot by Marc Savard.
12:30 of 1st period - Shot Misses the Net.
12:32 of 1st period - Wrist shot by Blake Wheeler.
12:32 of 1st period - Stopped by Patrick Lalime without a rebound.
12:33 of 1st period - Corey Perry wins face-off versus Marc Savard in Avalanche zone.
12:44 of 1st period - Snap shot by Corey Perry.
12:44 of 1st period - Shot Misses the Net.
12:46 of 1st period - Snap shot by Corey Perry.
12:46 of 1st period - Stopped by Miika Kiprusoff with a rebound.
12:48 of 1st period - Snap shot by Erik Cole.
12:48 of 1st period - Shot Misses the Net.
14:12 of 1st period - Marc Savard is hit by Oleg Kvasha and loses puck.
15:12 of 1st period - Wrist shot by Marcus Nilson.
15:12 of 1st period - Deflect By Marc Savard.
15:12 of 1st period - Shot Misses the Net.
15:12 of 1st period - Puck is out of play.
15:13 of 1st period - Marc Savard wins face-off versus Oleg Kvasha in Avalanche zone.
15:22 of 1st period - Wrist shot by Blake Wheeler.
15:22 of 1st period - Stopped by Patrick Lalime with a rebound.
15:28 of 1st period - Backhand shot by Oleg Kvasha.
15:28 of 1st period - Stopped by Miika Kiprusoff with a rebound.
16:41 of 1st period - Maxim Talbot is hit by Marc Savard.
16:54 of 1st period - Minor Penalty to Marcus Nilson for Hooking.
16:55 of 1st period - Marc Savard wins face-off versus Oleg Kvasha in Blue Jackets zone.
17:10 of 1st period - Wrist shot by Jason Pominville.
17:10 of 1st period - Shot Blocked by Wade Redden.
18:08 of 1st period - Icing by Jack Johnson.
18:09 of 1st period - Erik Cole wins face-off versus Jan Bulis in Avalanche zone.
18:14 of 1st period - Kevin Bieksa is hit by Erik Cole and loses puck.
18:54 of 1st period - Penalty to Marcus Nilson is over, Marcus Nilson is back on ice.
19:13 of 1st period - Wrist shot by Ladislav Nagy.
19:13 of 1st period - Stopped by Patrick Lalime with a rebound.
19:15 of 1st period - Slapshot by Derek Morris.
19:15 of 1st period - Stopped by Patrick Lalime without a rebound.
19:16 of 1st period - Marc Savard wins face-off versus Bryan Little in Avalanche zone.
19:17 of 1st period - Snap shot by Marcus Nilson.
19:17 of 1st period - Shot Blocked by Daniel Cleary.
19:27 of 1st period - Snap shot by Bryan Little.
19:27 of 1st period - Stopped by Miika Kiprusoff with a rebound.
19:41 of 1st period - Andrew Ladd is hit by Pavel Bure and loses puck.
Goals for this period are 0 for Blue Jackets vs 0 for Avalanche.
Shots for this period are 10 for Blue Jackets vs 5 for Avalanche.
2nd period
0:01 of 2nd period - Oleg Kvasha wins face-off versus Marc Savard in neutral zone.
0:08 of 2nd period - Wrist shot by Jason Pominville.
0:08 of 2nd period - Shot Misses the Net.
0:12 of 2nd period - Snap shot by Oleg Kvasha.
0:12 of 2nd period - Stopped by Miika Kiprusoff with a rebound.
0:14 of 2nd period - Slapshot by Oleg Kvasha.
0:14 of 2nd period - Stopped by Miika Kiprusoff without a rebound.
0:15 of 2nd period - Jan Bulis wins face-off versus Mike Comrie in Blue Jackets zone.
0:15 of 2nd period - Jan Bulis is hit by Erik Cole.
0:27 of 2nd period - Snap shot by Pavel Bure.
0:27 of 2nd period - Shot Misses the Net.
0:29 of 2nd period - Snap shot by Pavel Bure.
0:29 of 2nd period - Stopped by Patrick Lalime without a rebound.
0:30 of 2nd period - Oleg Kvasha wins face-off versus Marc Savard in Avalanche zone.
0:38 of 2nd period - Minor Penalty to Kevin Bieksa for Cross-checking.
0:39 of 2nd period - Oleg Kvasha wins face-off versus Marc Savard in Blue Jackets zone.
0:41 of 2nd period - Snap shot by Jason Pominville.
0:41 of 2nd period - Stopped by Miika Kiprusoff without a rebound.
0:42 of 2nd period - Marc Savard wins face-off versus Oleg Kvasha in Blue Jackets zone.
1:15 of 2nd period - Snap shot by Dave Tanabe.
1:15 of 2nd period - Shot Blocked by Pavel Bure.
1:17 of 2nd period - Slapshot by Brian Campbell.
1:17 of 2nd period - Stopped by Miika Kiprusoff without a rebound.
1:18 of 2nd period - Oleg Kvasha wins face-off versus Jan Bulis in Blue Jackets zone.
1:21 of 2nd period - Snap shot by Ryan Smyth.
1:21 of 2nd period - Stopped by Miika Kiprusoff with a rebound.
2:38 of 2nd period - Penalty to Kevin Bieksa is over, Kevin Bieksa is back on ice.
3:15 of 2nd period - Jack Johnson is hit by Cory Emmerton and loses puck.
3:28 of 2nd period - Dave Tanabe is hit by Marc Savard and loses puck.
4:15 of 2nd period - Marc Staal is hit by David Booth.
4:28 of 2nd period - Pavel Bure is hit by Daniel Cleary and loses puck.
4:39 of 2nd period - Brian Campbell is hit by Derek Morris and loses puck.
5:17 of 2nd period - Brian Campbell is hit by Ladislav Nagy and loses puck.
6:13 of 2nd period - Ryan Smyth is hit by Jan Bulis and loses puck.
6:20 of 2nd period - Slapshot by Ryan Smyth.
6:20 of 2nd period - Stopped by Miika Kiprusoff with a rebound.
6:22 of 2nd period - Snap shot by Oleg Kvasha.
6:22 of 2nd period - Deflect By Ryan Smyth.
6:22 of 2nd period - Shot Blocked by Shaone Morrisonn.
6:22 of 2nd period - Puck is out of play.
6:23 of 2nd period - Marc Savard wins face-off versus Mike Comrie in Blue Jackets zone.
6:23 of 2nd period - Marc Savard is hit by Corey Perry.
6:31 of 2nd period - Snap shot by Marcus Nilson.
6:31 of 2nd period - Stopped by Patrick Lalime without a rebound.
6:32 of 2nd period - Mike Comrie wins face-off versus Marc Savard in Avalanche zone.
6:55 of 2nd period - Minor Penalty to Shane O'Brien for Interference.
6:56 of 2nd period - Mike Comrie wins face-off versus Marc Savard in Avalanche zone.
7:32 of 2nd period - Wrist shot by Andrew Ladd.
7:32 of 2nd period - Shot Misses the Net.
8:55 of 2nd period - Penalty to Shane O'Brien is over, Shane O'Brien is back on ice.
9:06 of 2nd period - Dave Tanabe is hit by Jason Ward and loses puck.
9:19 of 2nd period - Wrist shot by Tomas Kurka.
9:19 of 2nd period - Deflect By Jason Ward.
9:19 of 2nd period - Stopped by Patrick Lalime without a rebound.
9:20 of 2nd period - Oleg Kvasha wins face-off versus Cory Emmerton in Avalanche zone.
9:57 of 2nd period - Snap shot by Ladislav Nagy.
9:57 of 2nd period - Shot Misses the Net.
10:37 of 2nd period - David Booth is hit by Oleg Kvasha and loses puck.
10:44 of 2nd period - Slapshot by Ryan Smyth.
10:44 of 2nd period - Stopped by Miika Kiprusoff with a rebound.
12:10 of 2nd period - Ryan Smyth is hit by Wade Redden and loses puck.
12:29 of 2nd period - Kevin Bieksa is hit by Andrew Ladd and loses puck.
12:52 of 2nd period - Backhand shot by Marc Savard.
12:52 of 2nd period - Shot Blocked by Daniel Cleary.
12:54 of 2nd period - Snap shot by Marcus Nilson.
12:54 of 2nd period - Shot Misses the Net.
12:56 of 2nd period - Slapshot by Marcus Nilson.
12:56 of 2nd period - Shot Blocked by Bryan Little.
12:58 of 2nd period - Slapshot by Branislav Mezei.
12:58 of 2nd period - Stopped by Patrick Lalime without a rebound.
12:59 of 2nd period - Blake Wheeler wins face-off versus Oleg Kvasha in Avalanche zone.
13:04 of 2nd period - Snap shot by Marcus Nilson.
13:04 of 2nd period - Stopped by Patrick Lalime without a rebound.
13:05 of 2nd period - Marc Savard wins face-off versus Oleg Kvasha in Avalanche zone.
13:16 of 2nd period - Snap shot by Ryan Smyth.
13:16 of 2nd period - Stopped by Miika Kiprusoff without a rebound.
13:17 of 2nd period - Marc Savard wins face-off versus Oleg Kvasha in Blue Jackets zone.
13:56 of 2nd period - Minor Penalty to Pavel Bure for Slashing.
13:57 of 2nd period - Marc Savard wins face-off versus Oleg Kvasha in Blue Jackets zone.
14:13 of 2nd period - Wrist shot by Ryan Smyth.
14:13 of 2nd period - Shot Blocked by David Booth.
14:23 of 2nd period - Wade Redden is hit by Dave Tanabe.
15:56 of 2nd period - Penalty to Pavel Bure is over, Pavel Bure is back on ice.
16:11 of 2nd period - Snap shot by Ladislav Nagy.
16:11 of 2nd period - Shot Misses the Net.
16:15 of 2nd period - Wrist shot by Ladislav Nagy.
16:15 of 2nd period - Deflect By Pavel Bure.
16:15 of 2nd period - Shot Misses the Net.
16:15 of 2nd period - Puck is out of play.
16:16 of 2nd period - Chuck Kobasew wins face-off versus Cory Emmerton in Avalanche zone.
16:23 of 2nd period - Backhand shot by Andrew Ladd.
16:23 of 2nd period - Shot Misses the Net.
16:40 of 2nd period - Icing by Jack Johnson.
16:41 of 2nd period - Maxim Talbot wins face-off versus Marc Savard in Avalanche zone.
16:41 of 2nd period - Maxim Talbot is hit by Marc Savard.
16:51 of 2nd period - Slapshot by Jason Pominville.
16:51 of 2nd period - Stopped by Miika Kiprusoff with a rebound.
16:53 of 2nd period - Wrist shot by Jason Pominville.
16:53 of 2nd period - Shot Blocked by Kevin Bieksa.
16:55 of 2nd period - Wrist shot by Jason Pominville.
16:55 of 2nd period - Stopped by Miika Kiprusoff with a rebound.
16:57 of 2nd period - Wrist shot by Ryan Smyth.
16:57 of 2nd period - Shot Misses the Net.
17:07 of 2nd period - Branislav Mezei is hit by Chuck Kobasew and loses puck.
18:02 of 2nd period - Wrist shot by Marc Savard.
18:02 of 2nd period - Shot Misses the Net.
18:04 of 2nd period - Snap shot by Marcus Nilson.
18:04 of 2nd period - Shot Misses the Net.
18:06 of 2nd period - Snap shot by Marcus Nilson.
18:06 of 2nd period - Stopped by Patrick Lalime without a rebound.
18:07 of 2nd period - Mike Comrie wins face-off versus Jan Bulis in Avalanche zone.
18:09 of 2nd period - Minor Penalty to Mike Comrie for Roughing.
18:10 of 2nd period - Ladislav Nagy wins face-off versus Daniel Cleary in Avalanche zone.
18:18 of 2nd period - Wrist shot by Pavel Bure.
18:18 of 2nd period - Shot Misses the Net.
18:20 of 2nd period - Wrist shot by David Booth.
18:20 of 2nd period - Shot Misses the Net.
19:39 of 2nd period - Andrew Ladd is hit by Jan Bulis.
19:43 of 2nd period - Jan Bulis is hit by Andrew Ladd.
Goals for this period are 0 for Blue Jackets vs 0 for Avalanche.
Shots for this period are 6 for Blue Jackets vs 10 for Avalanche.
3rd period
0:01 of 3rd period - Daniel Cleary wins face-off versus Jan Bulis in neutral zone.
0:09 of 3rd period - Penalty to Mike Comrie is over, Mike Comrie is back on ice.
0:10 of 3rd period - Snap shot by Wade Redden.
0:10 of 3rd period - Stopped by Patrick Lalime with a rebound.
0:16 of 3rd period - Wrist shot by Blake Wheeler.
0:16 of 3rd period - Stopped by Patrick Lalime without a rebound.
0:17 of 3rd period - Oleg Kvasha wins face-off versus Jan Bulis in Avalanche zone.
0:26 of 3rd period - Snap shot by Oleg Kvasha.
0:26 of 3rd period - Shot Misses the Net.
0:45 of 3rd period - Snap shot by Corey Perry.
0:45 of 3rd period - Shot Blocked by Kevin Bieksa.
0:47 of 3rd period - Wrist shot by Erik Cole.
0:47 of 3rd period - Stopped by Miika Kiprusoff with a rebound.
0:51 of 3rd period - Snap shot by Corey Perry.
0:51 of 3rd period - Shot Misses the Net.
0:53 of 3rd period - Slapshot by Marc Staal.
0:53 of 3rd period - Deflect By Kevin Bieksa.
0:53 of 3rd period - Stopped by Miika Kiprusoff with a rebound.
1:05 of 3rd period - Snap shot by Andrew Ladd.
1:05 of 3rd period - Shot Misses the Net.
1:07 of 3rd period - Snap shot by Maxim Talbot.
1:07 of 3rd period - Shot Misses the Net.
1:11 of 3rd period - Slapshot by Andrew Ladd.
1:11 of 3rd period - Goal by Andrew Ladd - Blue Jackets : 0 - Avalanche : 1.
1:12 of 3rd period - Oleg Kvasha wins face-off versus Jan Bulis in neutral zone.
1:15 of 3rd period - Jan Bulis is hit by Ryan Smyth and loses puck.
1:41 of 3rd period - Snap shot by Rostislav Olesz.
1:41 of 3rd period - Deflect By Daniel Cleary.
1:41 of 3rd period - Shot Misses the Net.
1:41 of 3rd period - Puck is out of play.
1:42 of 3rd period - Bryan Little wins face-off versus Marc Savard in Blue Jackets zone.
2:06 of 3rd period - Icing by Bryan Little.
2:07 of 3rd period - Daniel Cleary wins face-off versus Dave Steckel in Avalanche zone.
2:14 of 3rd period - Snap shot by Brian Campbell.
2:14 of 3rd period - Deflect By Jason Pominville.
2:14 of 3rd period - Stopped by Miika Kiprusoff with a rebound.
2:16 of 3rd period - Snap shot by Jason Pominville.
2:16 of 3rd period - Shot Misses the Net.
2:18 of 3rd period - Wrist shot by Oleg Kvasha.
2:18 of 3rd period - Stopped by Miika Kiprusoff with a rebound.
2:20 of 3rd period - Snap shot by Jason Pominville.
2:20 of 3rd period - Goal by Jason Pominville - Blue Jackets : 0 - Avalanche : 2.
2:21 of 3rd period - Jan Bulis wins face-off versus Oleg Kvasha in neutral zone.
2:33 of 3rd period - Snap shot by Ryan Smyth.
2:33 of 3rd period - Stopped by Miika Kiprusoff with a rebound.
2:35 of 3rd period - Slapshot by Jack Johnson.
2:35 of 3rd period - Stopped by Miika Kiprusoff with a rebound.
2:37 of 3rd period - Slapshot by Ryan Smyth.
2:37 of 3rd period - Stopped by Miika Kiprusoff with a rebound.
2:47 of 3rd period - Slapshot by Erik Cole.
2:47 of 3rd period - Stopped by Miika Kiprusoff without a rebound.
2:48 of 3rd period - Marcus Nilson wins face-off versus Mike Comrie in Blue Jackets zone.
2:48 of 3rd period - Marcus Nilson is hit by Erik Cole.
2:58 of 3rd period - Corey Perry is hit by Marcus Nilson and loses puck.
3:03 of 3rd period - Snap shot by Marcus Nilson.
3:03 of 3rd period - Stopped by Patrick Lalime with a rebound.
3:13 of 3rd period - Slapshot by Shane O'Brien.
3:13 of 3rd period - Deflect By Jason Pominville.
3:13 of 3rd period - Deflect By Derek Morris.
3:13 of 3rd period - Stopped by Miika Kiprusoff with a rebound.
3:15 of 3rd period - Snap shot by Ryan Smyth.
3:15 of 3rd period - Stopped by Miika Kiprusoff with a rebound.
4:36 of 3rd period - Snap shot by Ryan Smyth.
4:36 of 3rd period - Shot Misses the Net.
5:26 of 3rd period - Wrist shot by Ryan Smyth.
5:26 of 3rd period - Deflect By Oleg Kvasha.
5:26 of 3rd period - Shot Blocked by Kevin Bieksa.
5:26 of 3rd period - Puck is out of play.
5:27 of 3rd period - Blake Wheeler wins face-off versus Mike Comrie in Blue Jackets zone.
5:40 of 3rd period - Slapshot by Marc Savard.
5:40 of 3rd period - Stopped by Patrick Lalime without a rebound.
5:41 of 3rd period - Mike Comrie wins face-off versus Jan Bulis in Avalanche zone.
5:41 of 3rd period - Mike Comrie is hit by David Booth.
5:53 of 3rd period - Wrist shot by Erik Cole.
5:53 of 3rd period - Stopped by Miika Kiprusoff with a rebound.
5:55 of 3rd period - Backhand shot by Marc Staal.
5:55 of 3rd period - Shot Misses the Net.
5:57 of 3rd period - Slapshot by Jack Johnson.
5:57 of 3rd period - Deflect By Corey Perry.
5:57 of 3rd period - Stopped by Miika Kiprusoff without a rebound.
5:58 of 3rd period - Marc Savard wins face-off versus Bryan Little in Blue Jackets zone.
6:54 of 3rd period - Wrist shot by Ladislav Nagy.
6:54 of 3rd period - Stopped by Patrick Lalime with a rebound.
7:26 of 3rd period - Mike Comrie is hit by Derek Morris and loses puck.
8:09 of 3rd period - Marc Staal is hit by A.J Thelen and loses puck.
8:14 of 3rd period - Slapshot by Pavel Bure.
8:14 of 3rd period - Stopped by Patrick Lalime with a rebound.
8:50 of 3rd period - Wrist shot by Jan Bulis.
8:50 of 3rd period - Shot Misses the Net.
8:52 of 3rd period - Wrist shot by Pavel Bure.
8:52 of 3rd period - Blue Jackets goal is going for a video replay.
8:52 of 3rd period - The goal is good.
8:52 of 3rd period - Goal by Pavel Bure - Blue Jackets : 1 - Avalanche : 2.
8:53 of 3rd period - Oleg Kvasha wins face-off versus Marc Savard in neutral zone.
9:18 of 3rd period - Mike Comrie is hit by Jan Bulis and loses puck.
9:23 of 3rd period - Wrist shot by Pavel Bure.
9:23 of 3rd period - Stopped by Patrick Lalime with a rebound.
9:40 of 3rd period - Icing by Derek Morris.
9:41 of 3rd period - Bryan Little wins face-off versus Dave Steckel in Blue Jackets zone.
10:02 of 3rd period - Bryan Little is hit by Adam Deadmarsh and loses puck.
10:33 of 3rd period - Wrist shot by Dave Tanabe.
10:33 of 3rd period - Stopped by Miika Kiprusoff with a rebound.
10:39 of 3rd period - Snap shot by Rostislav Olesz.
10:39 of 3rd period - Shot Misses the Net.
10:41 of 3rd period - Snap shot by Rostislav Olesz.
10:41 of 3rd period - Shot Hit the Post.
11:27 of 3rd period - Snap shot by Daniel Cleary.
11:27 of 3rd period - Goal by Daniel Cleary - Blue Jackets : 1 - Avalanche : 3.
11:28 of 3rd period - Marc Savard wins face-off versus Jason Pominville in neutral zone.
11:33 of 3rd period - Wrist shot by Marc Savard.
11:33 of 3rd period - Stopped by Patrick Lalime with a rebound.
11:35 of 3rd period - Wrist shot by Marc Savard.
11:35 of 3rd period - Stopped by Patrick Lalime with a rebound.
11:37 of 3rd period - Slapshot by Blake Wheeler.
11:37 of 3rd period - Stopped by Patrick Lalime with a rebound.
11:39 of 3rd period - Slapshot by Kevin Bieksa.
11:39 of 3rd period - Stopped by Patrick Lalime without a rebound.
11:40 of 3rd period - Marc Savard wins face-off versus Oleg Kvasha in Avalanche zone.
11:51 of 3rd period - Slapshot by Marc Staal.
11:51 of 3rd period - Stopped by Miika Kiprusoff without a rebound.
11:52 of 3rd period - Oleg Kvasha wins face-off versus Marc Savard in Blue Jackets zone.
12:28 of 3rd period - Snap shot by Mike Comrie.
12:28 of 3rd period - Stopped by Miika Kiprusoff without a rebound.
12:29 of 3rd period - Marc Savard wins face-off versus Erik Cole in Blue Jackets zone.
13:21 of 3rd period - Wrist shot by Adam Deadmarsh.
13:21 of 3rd period - Shot Hit the Post.
13:41 of 3rd period - Snap shot by Marc Savard.
13:41 of 3rd period - Shot Misses the Net.
13:43 of 3rd period - Wrist shot by Kevin Bieksa.
13:43 of 3rd period - Deflect By Marc Savard.
13:43 of 3rd period - Shot Misses the Net.
13:43 of 3rd period - Puck is out of play.
13:44 of 3rd period - Marc Savard wins face-off versus Mike Comrie in Avalanche zone.
13:45 of 3rd period - Wrist shot by Marcus Nilson.
13:45 of 3rd period - Shot Misses the Net.
13:57 of 3rd period - Wrist shot by Mike Comrie.
13:57 of 3rd period - Shot Blocked by Marc Savard.
13:59 of 3rd period - Wrist shot by Mike Comrie.
13:59 of 3rd period - Stopped by Miika Kiprusoff with a rebound.
14:01 of 3rd period - Slapshot by Dave Tanabe.
14:01 of 3rd period - Stopped by Miika Kiprusoff without a rebound.
14:02 of 3rd period - Oleg Kvasha wins face-off versus Jan Bulis in Blue Jackets zone.
14:23 of 3rd period - Minor Penalty to Kevin Bieksa for Holding.
14:24 of 3rd period - Jan Bulis wins face-off versus Oleg Kvasha in Blue Jackets zone.
16:23 of 3rd period - Penalty to Kevin Bieksa is over, Kevin Bieksa is back on ice.
16:36 of 3rd period - Shaone Morrisonn is hit by Jack Johnson and loses puck.
17:03 of 3rd period - Jack Johnson is hit by Kevin Bieksa and loses puck.
17:46 of 3rd period - Snap shot by Adam Deadmarsh.
17:46 of 3rd period - Shot Misses the Net.
18:47 of 3rd period - Minor Penalty to Oleg Kvasha for Hooking.
18:48 of 3rd period - Jan Bulis wins face-off versus Mike Comrie in Avalanche zone.
19:27 of 3rd period - Snap shot by David Booth.
19:27 of 3rd period - Shot Misses the Net.
Goals for this period are 1 for Blue Jackets vs 3 for Avalanche.
Shots for this period are 12 for Blue Jackets vs 20 for Avalanche.
Output by the SimonT Hockey Simulator (STHS) for François Prévost -- Original Page W3C XHTML 1.0 Valid